DynoHock, lawful male dwarven Archeologist ------------ |<|.....|..-- |^|.[.[?|)..| |^|-[...=..-| |+||..*.|&@.| |^|---.-|..>| |^| |)|--.-- |^| |.|--.--- |.----.--....| |............| |..------....| ---- |.).-- ----- DynoHock the Field Worker Experience level: 4 Strength: 16 Dexterity: 10 Constitution: 16 Intelligence: 15 Wisdom: 14 Charisma: 8 Health: 0(37) Energy: 10(10) AC: 3 Gold: 82 Moves: 789 Your Inventory: Coins $ - 82 gold pieces Weapons a - an uncursed +2 bullwhip (weapon in hand) Armor d - an uncursed +0 leather jacket (being worn) g - an [uncursed] +0 pair of riding gloves [leather] (being worn) h - an [uncursed] +4 leather hat [elven leather helm] (being worn) Comestibles n - 7 uncursed food rations Scrolls y - 2 [uncursed] scrolls called earth [of earth] Potions m - an [uncursed] clear potion [of water] Rings R - an [uncursed] ring of invisibility Tools e - an uncursed +0 pick-axe f - an uncursed sack k - an uncursed lock pick x - an uncursed oil lamp (0:1417) J - an uncursed tinning kit (0:58) Gems j - an uncursed touchstone E - an [uncursed] topaz stone Spells known in the end: Name Level Category Fail Memory Your skills at the end: Fighting Skills Weapon Skills pick-axe [Basic / Expert] sling [Basic / Skilled] whip [Basic / Expert] Spellcasting Skills Final Attributes: You were fervently aligned. Hunger level was 398. Your alignment was 12 / 13. Monster difficulty range was 1 - 6. Level difficulty was 9. You were hallucinating. You had infravision. You were stealthy. You were fast. You were lucky (1). You are dead. Vanquished creatures: a ghoul a giant ant a cave spider a yellow mold a gecko 2 jackals a kobold a newt and a partridge in a pear tree 9 creatures vanquished. Voluntary challenges: You used a wielded weapon 19 times. You read items or engraved 16 times. You put on armor 4 times. You never genocided any monsters. You never polymorphed an object. You never changed form. You used no wishes. You wrote Elbereth's name 9 times. You never encountered a bones level. You never used any Sokoban shortcuts. Dungeon overview: The Dungeons of Doom: levels 1 to 11 Level 1 a long staircase Level 2 stairs to The Gnomish Mines Level 3 a fountain Level 4 a fountain Level 5 a fountain Level 7 some fountains Level 8 a fountain Level 9 many fountains Level 10 stairs to Sokoban Level 11 a long staircase The Gnomish Mines: Level 3 stairs to The Dungeons of Doom Sokoban: Level 9 <- You were here stairs to The Dungeons of Doom History has recorded: On T:1 you entered the Dungeons of Doom to retrieve the Amulet of Yendor! On T:10 you reached level 2 of The Dungeons of Doom. On T:17 you reached level 1 of The Gnomish Mines. On T:27 you reached level 3 of The Dungeons of Doom. On T:220 you reached level 4 of The Dungeons of Doom. On T:246 you advanced to experience level 2. On T:326 you reached level 5 of The Dungeons of Doom. On T:372 you advanced to experience level 3. On T:413 you reached level 6 of The Dungeons of Doom. On T:469 you reached level 7 of The Dungeons of Doom. On T:501 you advanced to experience level 4. On T:508 you reached level 8 of The Dungeons of Doom. On T:665 you reached level 9 of The Dungeons of Doom. On T:666 you received advice from The Oracle. On T:672 you reached level 10 of The Dungeons of Doom. On T:681 you reached level 11 of The Dungeons of Doom. On T:708 you reached level 3 of Sokoban. Latest messages: You are empty handed. a - an uncursed +2 bullwhip (weapon in hand). You have no secondary weapon readied. You hit the jabberwock. The efreeti hits! The wee green blobbie hits! The stalker bites! [HP-11=21] You hit the rodent of unusual size. You hit the homunculus. The wolpertinger hits! The duct tape golem hits! The grue bites! [HP-15=6] You hit the giant bat. The schroedinbug hits! The Evil Iggy hits! You die... The sack is empty. Final status: Goodbye DynoHock the Archeologist... You died in Sokoban on dungeon level 9 with 1231 points, and 82 pieces of gold, after 789 moves. You were level 4 with a maximum of 37 hit points when you died.